 Dungeon Crawl Stone Soup version 0.29-a0-275-g389c0b56f3 (webtiles) character file.

Game seed: 7268296511875164714

1087 ders the Digger (level 8, 0/41 HPs)
             Began as a Gargoyle Earth Elementalist on Mar 12, 2022.
             Slain by an orc warrior
             ... wielding a +0 halberd
              (19 damage)
             ... on level 6 of the Dungeon.
             The game lasted 00:06:17 (5759 turns).

ders the Digger (Gargoyle Earth Elementalist)       Turns: 5759, Time: 00:06:18

Health: 0/41       AC:  7    Str: 11    XL:     8   Next: 30%
Magic:  20/25      EV: 11    Int: 19    God:
Gold:   303        SH:  5    Dex:  7    Spells: 13/17 levels left

rFire   . . .      SeeInvis .   u - +8 dagger "Concordance" {flame, rElec rC++ Dex-3}
rCold   + + .      Faith    .   (no shield)
rNeg    + . .      Spirit   .   b - +0 robe
rPois   ∞          Reflect  +   (no helmet)
rElec   +          Harm     .   (no cloak)
rCorr   .          Rampage  .   (no gloves)
Will    .....                   (no boots)
Stlth   ++........              e - amulet of reflection
HPRegen 0.13/turn               f - ring of flight
MPRegen 0.19/turn               s - ring of magical power

@: flying
A: sickness immunity, AC +5, negative energy resistance 1, electricity
resistance, torment resistance 1, petrification resistance
a: no special abilities


You were on level 6 of the Dungeon.
You visited 1 branch of the dungeon, and saw 6 of its levels.

You collected 303 gold pieces.

Inventory:

Hand Weapons
 d - a +0 mace of holy wrath
 j - a +2 dagger of flaming
 u - the +8 dagger "Concordance" (weapon) {flame, rElec rC++ Dex-3}
   (You found it on level 6 of the Dungeon)

   It burns those it strikes, dealing additional fire damage.
   Dex:       It affects your dexterity (-3).
   rC:        It greatly protects you from cold.
   rElec:     It insulates you from electricity.
Missiles
 a - 110 stones
Armour
 b - a +0 robe (worn)
Jewellery
 e - an amulet of reflection (around neck)
 f - a ring of flight (left hand)
 h - a ring of willpower
 s - a ring of magical power (right hand)
 y - an amulet of magic regeneration
Wands
 k - a wand of iceblast (11)
 l - a wand of charming (4)
Scrolls
 g - 3 scrolls of fog
 i - a scroll of identify
 m - a scroll of noise
 p - 2 scrolls of teleportation
 t - a scroll of immolation
Potions
 c - a potion of magic
 n - 4 potions of mutation
 o - a potion of lignification
 q - 2 potions of haste
 r - a potion of might {unknown}
 w - 2 potions of berserk rage
 x - a potion of flight {unknown}


   Skills:
 - Level 1.5 Dodging
 - Level 2.1 Stealth
 + Level 5.3 Spellcasting
 + Level 5.7 Conjurations
 - Level 0.7 Transmutations
 + Level 7.5 Earth Magic


You had 13 spell levels left.
You knew the following spells:

 Your Spells              Type           Power      Damage    Failure   Level
a - Sandblast             Erth           66%        2d15      1%          1
b - Stone Arrow           Conj/Erth      60%        3d10      2%          3

Your spell library contained the following spells:

 Spells                   Type           Power      Damage    Failure   Level
 Passwall                 Tmut/Erth      16%        N/A       3%          2
 Summon Small Mammal      Summ           20%        N/A       12%         1
 Petrify                  Tmut/Erth      20%        N/A       22%         4
 Call Canine Familiar     Summ           5%         N/A       34%         3
 Summon Guardian Golem    Hex/Summ       5%         N/A       34%         3
 Tukima's Dance           Hex            5%         N/A       34%         3
 Passage of Golubria      Tloc           5%         N/A       75%         4
 Yara's Violent Unravell  Hex/Tmut       3%         3d4       96%         5


Dungeon Overview and Level Annotations

Branches:
Dungeon (6/15)
 Temple: D:4-7

Altars:
Hepliaklqana
Qazlal
Ru

Shops:
D:3 [   D:5 [


Innate Abilities, Weirdness & Mutations

You are immune to sickness and miasma.
Your stone body is resilient. (AC +5)
You are immune to poison.
You resist negative energy. (rN+)
You are resistant to electric shocks. (rElec)
You are resistant to unholy torment.
You are immune to petrification.


Message History

The orc warrior shouts!
The kobold shouts!
The adder hisses angrily.
You hear a shout!
An orc comes into view.
It is wielding a +0 short sword and wearing a +0 leather armour of willpower.
An orc comes into view. It is wielding a +0 flail.
The orc shouts!
The orc priest mumbles some strange prayers to Beogh against you.
Pain shoots through your body!
You hit the orc priest. You burn the orc priest.
The orc priest is moderately wounded.
The orc priest hits you with a +0 whip.
Casting: Sandblast (safe; 1% risk of failure)
Confirm with . or Enter, or press ? or * to list all spells.
Aiming: Sandblast (safe; 1% risk of failure)
Press: ? - help, Shift-Dir - straight line, f - adder
Aim: an adder (70% to hit)
The blast of sand hits the adder.
The adder is lightly wounded.
The adder bites you but does no damage.
The orc priest hits you but does no damage.
The orc warrior hits you from afar with a +0 halberd!
Unknown command.
Casting: Sandblast (safe; 1% risk of failure)
Confirm with . or Enter, or press ? or * to list all spells.
Aiming: Sandblast (safe; 1% risk of failure)
Press: ? - help, Shift-Dir - straight line, f/p - adder
Aim: an adder (lightly wounded, 70% to hit)
The blast of sand hits the adder.
The adder is moderately wounded.
The adder closely misses you. The orc priest hits you with a +0 whip.
The orc warrior closely misses you. The adder misses you.
Unknown command.
Casting: Sandblast (safe; 1% risk of failure)
Confirm with . or Enter, or press ? or * to list all spells.
Aiming: Stone Arrow (dangerous; 2% risk of failure)
Press: ? - help, Shift-Dir - straight line, f/p - adder
Aim: an adder (moderately wounded, 57% to hit)
The stone arrow hits the adder!!
You kill the adder!
The orc warrior hits you from afar with a +0 halberd!!
You die...

#.#.# #.# #.#)#
#.<## #.#)## ....#
#..... ...# #.#.##
#oo# #.#.#
#oK##### ####.#.##
#†o##.. .........
#.@##.# #####.#...
#^#.#.# #.....#.##
..###..#
##.#####.## ###
#.#.###...####.##
..##............##
#..
#..##...####### #.
#..###.#.## # ..
...........## # ##
.<...........####


You could see an orc warrior, an orc priest, 2 orcs and a kobold.

Vanquished Creatures
  A sky beast (D:5)
  A phantom (D:5)
  A kobold brigand (D:6)
  3 necrophages
  2 scorpions
  A jelly (D:5)
  A gnoll shaman (D:5)
  An orc priest (D:6)
  4 hounds
  An iguana (D:5)
  Natasha (thrice) (D:3)
  2 orc wizards
  3 gnolls (D:5)
  9 adders
  2 worms (D:2)
  2 dart slugs
  12 orcs
  5 endoplasms
  3 giant cockroaches
  7 hobgoblins
  7 jackals
  5 quokkas
  7 ball pythons
  3 bats
  4 frilled lizards
  3 goblins
  10 kobolds
  6 rats
109 creatures vanquished.

Notes
Turn   | Place    | Note
-------+----------+-------------------------------------------
     0 | D:1      | ders the Gargoyle Earth Elementalist began the quest for
                  | the Orb.
     0 | D:1      | Reached XP level 1. HP: 10/10 MP: 3/3
   356 | D:1      | Reached XP level 2. HP: 15/15 MP: 1/5
   520 | D:1      | Reached skill level 1 in Conjurations
   552 | D:1      | Reached skill level 4 in Earth Magic
   597 | D:1      | Found a faded altar of an unknown god.
   849 | D:1      | Reached XP level 3. HP: 11/19 MP: 0/6
  1453 | D:2      | Found a hazy altar of Hepliaklqana.
  1975 | D:2      | Learned a level 3 spell: Stone Arrow
  2121 | D:3      | Reached XP level 4. HP: 24/24 MP: 6/8
  2479 | D:3      | Found Uxurogg's Armour Emporium.
  2523 | D:3      | Noticed Natasha
  2528 | D:3      | Killed Natasha
  2529 | D:3      | Reached XP level 5. HP: 28/28 MP: 4/9
  2586 | D:3      | Noticed an air elemental
  2637 | D:3      | Found a sacrificial altar of Ru.
  2660 | D:3      | Noticed Natasha
  2665 | D:3      | Killed Natasha
  2666 | D:3      | Reached skill level 5 in Earth Magic
  2944 | D:3      | Noticed a fire elemental
  2946 | D:3      | Found a stormy altar of Qazlal.
  2947 | D:3      | Noticed a water elemental
  3043 | D:3      | Noticed Natasha
  3046 | D:3      | Killed Natasha
  3314 | D:4      | Reached XP level 6. HP: 32/32 MP: 4/11
  3760 | D:4      | Reached skill level 6 in Earth Magic
  4452 | D:5      | Entered Level 5 of the Dungeon
  4504 | D:5      | Reached XP level 7. HP: 29/36 MP: 0/13
  5068 | D:5      | Reached skill level 5 in Conjurations
  5074 | D:5      | Found Ocsiaq's Antique Armour Shop.
  5305 | D:6      | Reached skill level 7 in Earth Magic
  5344 | D:6      | Reached XP level 8. HP: 41/41 MP: 14/15
  5428 | D:6      | Reached skill level 5 in Spellcasting
  5445 | D:6      | Identified the +8 dagger "Concordance" {flame, rElec rC++
                  | Dex-3}
  5759 | D:6      | Slain by an orc warrior

Illustrated notes

Levels and vault maps discovered:
D:1:      lordsloth_arrival_two_stooges, layout_basic, basic_ecumenical_altar,
          minmay_curled_crystal, st_stairs_14
D:2:      layout_basic, basic_altar, serial_aquarium, aquarium_bridge_straight
          [aquarium_subvault_bridge, aquarium_subvault_window,
          aquarium_subvault_bridge, aquarium_subvault_wall], aquarium_window_1,
          aquarium_window_2, aquarium_window_fake, aquarium_view_2c,
          minmay_misc_feat_rugged
D:3:      layout_basic, mainiacjoe_overflow_six_doors_small,
          nicolae_qazlal_style_of_elements, serial_shops,
          nicolae_shop_hallway_stairs, uniq_natasha
D:4:      layout_basic
D:5:      layout_rooms, serial_shops, nicolae_lakefront_shop
D:6:      layout_loops_ring, lemuel_coloured_pillars_altar

Skill      XL: |  1  2  3  4  5  6  7  8 |
---------------+-------------------------+-----
Conjurations   | 1 2 3 4 5 |  5.7
Earth Magic    | 4 5 6 7 |  7.5
Spellcasting   | 3 4 5 |  5.3
Dodging        | |  1.5
Stealth        | |  2.1
Transmutations | |  0.7

Action                   |  1- 3 |  4- 6 |  7- 9 || total
-------------------------+-------+-------+-------++-------
Melee: Mace              |    11 |       |       ||    11
       Punch             |     1 |       |       ||     1
       Dagger            |     5 |     9 |    13 ||    27
 Cast: Sandblast         |    52 |    25 |    16 ||    93
       Stone Arrow       |       |    33 |    33 ||    66
  Use: Scroll            |       |       |    10 ||    10
Armor: Robe              |     7 |    11 |    11 ||    29
Dodge: Dodged            |    18 |    16 |    17 ||    51
Block: Other             |     7 |     8 |     7 ||    22

Table legend: (Time is in decaauts)
 A = Elapsed time spent in this place.
 B = Non-inter-level travel time spent in this place.
 C = Inter-level travel time spent in this place.
 D = Time resting spent in this place.
 E = Time spent auto-exploring this place.
 F = Levels seen in this place.
 G = Mean time per level.
                   A        B        C        D        E       F      G
               +--------+--------+--------+--------+--------+-----+--------+
         Total |   5760 |   5577 |    183 |    249 |   4731 |   6 |  960.0 |
       Dungeon |   5760 |   5577 |    183 |    249 |   4731 |   6 |  960.0 |
               +--------+--------+--------+--------+--------+-----+--------+

Top non-repeatable levels by time:
     D:1: 1325 daAuts
     D:4: 1228 daAuts
     D:3: 1154 daAuts
     D:2: 796 daAuts
     D:5: 794 daAuts
     D:6: 461 daAuts
